 Dungeon Crawl Stone Soup version 0.31.0-1-g2c135a0 (webtiles) character file.

Game seed: 3755268463569732010

39 jagoly the Cudgeller (level 3, -6/23 HPs)
             Began as a Gargoyle Monk on Jan 26, 2024.
             Mangled by a gnoll
             ... wielding a +0 halberd
              (10 damage)
             ... on level 2 of the Dungeon.
             The game lasted 00:05:50 (552 turns).

jagoly the Cudgeller (Gargoyle Monk)                 Turns: 552, Time: 00:05:50

Health: -6/23      AC:  5    Str: 16    XL:     3   Next: 45%
Magic:  3/3        EV: 12    Int: 10    God:
Gold:   24         SH:  0    Dex: 12    Spells: 2/2 levels left

rFire   . . .        a - +0 flail
rCold   . . .        d - orb {light}
rNeg    + . .        b - +0 robe
rPois   ∞            (no helmet)
rElec   +            (no cloak)
rCorr   .            (no gloves)
SInv    .            (no boots)
Will    .....        (no amulet)
Stlth   +            (no ring)
HPRegen 0.23/turn    (no ring)
MPRegen 0.08/turn

%: no passive effects
@: glowing
A: sickness immunity, AC +3, negative energy resistance 1, electricity
resistance, torment resistance 1, petrification resistance
a: no special abilities


You were on level 2 of the Dungeon.
You visited 1 branch of the dungeon, and saw 3 of its levels.

You collected 24 gold pieces.

Inventory:

Hand Weapons
 a - a +0 flail (weapon)
 p - a +0 trident
Missiles
 i - 3 stones (quivered)
 k - a poisoned dart
Armour
 b - a +0 robe (worn)
 d - an orb of light (worn)
 m - a +0 kite shield
Scrolls
 e - 2 scrolls of identify {unknown}
 f - a scroll of enchant weapon {unknown}
 g - a scroll of immolation {unknown}
 h - a scroll of teleportation {unknown}
 l - 2 scrolls of noise {unknown}
Potions
 c - a potion of ambrosia
 j - a potion of attraction {unknown}
 n - a potion of degeneration {unknown}
 o - a potion of brilliance {unknown}


   Skills:
 + Level 3.6 Fighting
 * Level 3.7 Maces & Flails
 - Level 2.4 Dodging
 - Level 2.0 Stealth


You had 2 spell levels left.
You didn't know any spells.
Your spell library contained the following spells:

 Spells                   Type           Power      Damage    Failure   Level
 Kiss of Death            Conj/Necr      0%         2d5       36%         1
 Slow                     Hex            0%         N/A       36%         1
 Confusing Touch          Hex            0%         N/A       75%         3
 Sigil of Binding         Hex            0%         N/A       75%         3
 Vampiric Draining        Necr           0%         2d6       75%         3
 Dispel Undead            Necr           0%         3d6       98%         4


Dungeon Overview and Level Annotations

Branches:
Dungeon (3/15) Zot: 17436

Altars:

Annotations:
D:3 Terence


Innate Abilities, Weirdness & Mutations

You are immune to sickness and miasma.
Your stone body is resilient. (AC +3)
You are immune to poison.
You resist negative energy. (rN+)
You are resistant to electric shocks. (rElec)
You are resistant to unholy torment.
You are immune to petrification.


Message History

Welcome, jagoly the Gargoyle Monk.
Everyone else who sought the Orb of Zot has failed.
Will you be different?
Press ? for a list of commands and other information.
Found a staircase leading out of the dungeon.
Found a scroll labelled HEYLORGHAYSH.
Found an escape hatch in the floor.
Found a scroll labelled LAWAER US XOI.
e - a scroll labelled HEYLORGHAYSH
f - a scroll labelled LAWAER US XOI
Found a scroll labelled MAK KUVIUCO.
g - a scroll labelled MAK KUVIUCO
Found 8 gold pieces and a scroll labelled HEYLORGHAYSH.
e - 2 scrolls labelled HEYLORGHAYSH (gained 1)
A bat comes into view.
You see here 8 gold pieces.
You now have 8 gold pieces.
You hit the bat.
The bat is heavily wounded.
The bat hits you but does no damage.
You barely miss the bat.
The bat is heavily wounded.
The bat hits you but does no damage. The bat closely misses you.
The bat misses you.
You hit the bat.
You kill the bat!
No target in view!
Found a scroll labelled NAERAA DUOMP.
Found a book of Debilitation.
A goblin and a rat come into view.
The goblin shouts!
The rat squeaks loudly.
The goblin moves out of view.
Found a fuming emerald potion.
The rat bites you.
You hit the rat.
You kill the rat!
The goblin hits you but does no damage.
A kobold comes into view. It is wielding a +0 club.
The goblin barely misses you.
The kobold shouts!
You sock the goblin!
You kill the goblin!
You thump the kobold!
You kill the kobold!
Things that are here:
a +0 club; 3 stones; a kobold corpse
h - a scroll labelled NAERAA DUOMP
Things that are here:
a +0 club; 3 stones; a kobold corpse
i - 3 stones
Things that are here:
a +0 dagger; a goblin corpse You pick up a book of Debilitation and begin reading...
You add the spells Slow, Sigil of Binding, Vampiric Draining and Confusing Touch to your library.
Things that are here:
a +0 club; a kobold corpse
j - a fuming emerald potion
Found a stone staircase leading down.
There is a stone staircase leading down here.
You climb downwards.
There is a stone staircase leading up here.
Found a stone staircase leading down.
An endoplasm comes into view.
Found a runed orb.
Throw: 3 stones
Press: ? - help, Q - select action Shift-Dir - straight line, f - endoplasm
Aim: an endoplasm (haloed, 97% to hit)
You throw a stone. The stone hits the endoplasm.
The endoplasm is lightly wounded.
You hit the endoplasm.
You kill the endoplasm!
Your Stealth skill increases to level 1!
Found 2 poisoned darts.
You see here 2 poisoned darts.
k - 2 poisoned darts
Found a book of Touch.
You pick up a book of Touch and begin reading...
You add the spells Kiss of Death and Dispel Undead to your library.
Found a scroll labelled KIAR ESKYKK.
You open the door.
Found 16 gold pieces.
There is an open door here.
You now have 24 gold pieces (gained 16).
A dart slug and a bat come into view.
The dart slug launches a dart at you. The slug dart misses you.
The dart slug launches a dart at you. The slug dart hits you.
The bat closely misses you. The bat barely misses you.
The dart slug bites you but does no damage.
You barely miss the bat. The bat barely misses you.
The dart slug barely misses you.
You hit the dart slug.
The dart slug is heavily wounded.
The bat misses you. The bat hits you but does no damage.
You hit the dart slug.
The dart slug is severely wounded.
The bat closely misses you. The bat hits you but does no damage.
The dart slug bites you but does no damage.
You thump the dart slug!
You kill the dart slug!
The bat hits you but does no damage. x2
You have reached level 2!
You hit the bat but do no damage. The bat hits you but does no damage.
The bat misses you. The bat hits you but does no damage.
You hit the bat.
You kill the bat!
No target in view!
A ribbon worm comes into view.
Found a stone staircase leading down.
Throw: 2 stones
Press: ? - help, Q - select action, (/) - cycle Shift-Dir - straight line, f - ribbon worm
Aim: a ribbon worm (haloed, 97% to hit)
You throw a stone. The stone hits the ribbon worm.
The ribbon worm is lightly wounded.
Throw: stone
Press: ? - help, Q - select action, (/) - cycle Shift-Dir - straight line, f/p - ribbon worm
Aim: a ribbon worm (haloed, 97% to hit)
Okay, then.
Throw: 2 darts (poison)
Press: ? - help, Shift-Dir - straight line, f/p - ribbon worm
Aim: a ribbon worm (haloed, 97% to hit)
You throw a poisoned dart. The poisoned dart hits the ribbon worm.
The ribbon worm is poisoned.
Throw: dart (poison)
Press: ? - help, Shift-Dir - straight line, f/p - ribbon worm
Aim: a ribbon worm (poisoned, haloed, 97% to hit)
You throw a poisoned dart. The poisoned dart hits the ribbon worm.
You hit the ribbon worm but do no damage.
The ribbon worm barely misses you.
You hit the ribbon worm.
The ribbon worm is moderately wounded.
The ribbon worm expels a string of sticky webbing.
The stream of webbing hits you but does no damage.
You are caught in a web!
You struggle to detach yourself from the web.
The ribbon worm bites you.
The web tears apart.
The ribbon worm looks more healthy.
The ribbon worm misses you.
You hit the ribbon worm but do no damage.
The ribbon worm is lightly wounded.
The ribbon worm misses you.
You hit the ribbon worm.
The ribbon worm is heavily wounded.
The ribbon worm bites you.
You thump the ribbon worm!
The ribbon worm is severely wounded.
The ribbon worm bites you.
* * * LOW HITPOINT WARNING * * *
Hit: a) +0 mace
Press: ? - help, Dir - move target, f/p - ribbon worm
Aim: a ribbon worm (severely wounded, haloed, about 3% to evade your +0 mace)
You hit the ribbon worm.
You kill the ribbon worm!
You see here a ribbon worm corpse.
Found a kite shield.
k - 2 poisoned darts
l - a scroll labelled KIAR ESKYKK You see here a +0 kite shield.
m - a +0 kite shield
There is a stone staircase leading down here.
You open the door.
There is an open door here.
There is a stone staircase leading down here.
You climb downwards.
There is a stone staircase leading up here.
You climb upwards.
There is a stone staircase leading down here.
There is an open door here.
You open the door.
There is an open door here.
HP restored.
You open the door.
There is an open door here.
You open the door.
There is an open door here.
A kobold comes into view. It is wielding a +0 club.
The kobold shouts!
The kobold throws a stone.
The stone completely misses you.
The kobold throws a stone.
The stone closely misses you. The kobold completely misses you.
You closely miss the kobold. The kobold barely misses you. x2
You hit the kobold.
The kobold is heavily wounded.
The kobold hits you with a +0 club.
You hit the kobold but do no damage.
The kobold is heavily wounded.
The kobold hits you but does no damage.
You hit the kobold but do no damage.
The kobold is heavily wounded.
The kobold hits you but does no damage. The kobold barely misses you.
You hit the kobold.
You kill the kobold!
No target in view!
No target in view!
i - 3 stones (gained 2)
You see here a +0 club.
You open the door.
There is an open door here.
Found a scroll labelled KIAR ESKYKK.
A dart slug comes into view.
You hit the dart slug.
The dart slug is heavily wounded.
The dart slug launches a dart at you. The slug dart hits you.
You hit the dart slug.
You kill the dart slug!
l - 2 scrolls labelled KIAR ESKYKK (gained 1)
You see here a dart slug corpse.
Found a stone staircase leading up.
There is a stone staircase leading up here.
You climb upwards.
The rat squeaks loudly.
There is a stone staircase leading down here.
You hit the rat.
You kill the rat!
You climb downwards.
There is a stone staircase leading up here.
A gnoll comes into view. It is wielding a +0 halberd.
A gnoll is nearby!
There is a stone staircase leading up here.
A bat comes into view.
A bat is nearby!
You hit the bat.
The bat is severely wounded.
The bat closely misses you. The bat barely misses you.
The bat barely misses you. x2
You barely miss the bat.
The bat is severely wounded.
The bat barely misses you. x2
You hit the bat but do no damage.
The bat is severely wounded.
The bat barely misses you.
Found a bubbling orange potion.
The bat closely misses you. The bat closely misses you.
You hit the bat.
You kill the bat!
n - a bubbling orange potion An adder comes into view.
Found a stone staircase leading up.
You hit the adder.
The adder is lightly wounded.
The adder barely misses you. x2
You barely miss the adder.
The adder is lightly wounded.
The adder bites you.
You hit the adder but do no damage.
The adder is lightly wounded.
The adder bites you but does no damage. The adder closely misses you.
You hit the adder but do no damage.
The adder is lightly wounded.
The adder misses you. x2
You closely miss the adder.
The adder is lightly wounded.
The adder bites you but does no damage.
You hit the adder.
The adder is moderately wounded.
The adder misses you. The adder bites you but does no damage.
You thump the adder!
You kill the adder!
You have reached level 3!
Your experience leads to an increase in your attributes!
Increase (S)trength, (I)ntelligence, or (D)exterity?
You feel stronger. x2
HP restored.
There is a stone staircase leading up here.
You climb upwards.
The endoplasm quivers.
Found a trident, a spear and a white potion.
There is a stone staircase leading down here.
You hit the endoplasm.
The endoplasm is moderately wounded.
The endoplasm freezes you.
You are frozen.
You sock the endoplasm!
You kill the endoplasm!
o - a white potion You see here a +0 trident.
p - a +0 trident
There is a stone staircase leading down here.
HP restored.
You climb downwards.
There is a stone staircase leading up here.
You open the door.
There is an open door here.
There is a stone staircase leading down here.
You climb downwards.
Found a robe.
There is a stone staircase leading up here.
Terence the Incautious comes into view.
He is wielding a +0 hand axe and carrying a wand of polymorph.
Found a stone staircase leading down.
Terence shouts!
You aren't carrying any items that you can evoke.
Okay, then.
There is a stone staircase leading up here.
You climb upwards.
There is a stone staircase leading down here.
There is a stone staircase leading up here.
Found a kite shield.
You see here a +0 kite shield.
Found a flail.
Press: ? - help, v - describe, . - travel, g - get item Item here: a flail.
The floor.
This square is lit by a halo.
Press: ? - help, v - describe, . - travel, g - get item Item here: a flail.
The floor.
This square is lit by a halo.
You see here a +0 flail.
Okay, then.
You are now empty-handed.
You drop a +0 mace.
a - a +0 flail (weapon)
You open the gate.
There is an open gate here.
There is a dry fountain here.
There is a dry fountain here.
There is an open gate here.
A gnoll comes into view. It is wielding a +0 flail.
Found a stone staircase leading down.
The gnoll shouts!
The gnoll unwields a +0 flail.
The gnoll wields a +0 sling.
The gnoll shoots a sling bullet.
The sling bullet closely misses you.
You hear a shout!
The gnoll shoots a sling bullet.
The sling bullet closely misses you.
There is an open gate here.
Throw: 2 darts (poison)
Press: ? - help, Shift-Dir - straight line, f - gnoll
Aim: a gnoll, wielding a +0 halberd (58% to hit)
You throw a poisoned dart. The poisoned dart hits the gnoll.
The gnoll is poisoned.
Throw: dart (poison)
Press: ? - help, Shift-Dir - straight line, f/p - gnoll
Aim: a gnoll, wielding a +0 halberd (lightly wounded, poisoned, 58% to hit)
You throw a poisoned dart.
The poisoned dart barely misses the gnoll.
The gnoll looks more healthy.
The gnoll barely misses you. The gnoll hits you with a +0 halberd!
Hit: a) +0 flail
Press: ? - help, Dir - move target, f/p - gnoll
Aim: a gnoll, wielding a +0 halberd (heavily wounded, haloed, about 20% to evade your +0 flail)
You hit the gnoll.
The gnoll is severely wounded.
The gnoll hits you but does no damage.
Hit: a) +0 flail
Press: ? - help, Dir - move target, f/p - gnoll
Aim: a gnoll, wielding a +0 halberd (severely wounded, haloed, about 20% to evade your +0 flail)
You hit the gnoll.
The gnoll is severely wounded.
The gnoll hits you with a +0 halberd.
* * * LOW HITPOINT WARNING * * *
Hit: a) +0 flail
Press: ? - help, Dir - move target, f/p - gnoll
Aim: a gnoll, wielding a +0 halberd (severely wounded, haloed, about 20% to evade your +0 flail)
You hit the gnoll.
You kill the gnoll!
Training target 2.0 for Stealth reached!
Your Stealth skill increases to level 2!
You see here a +0 halberd.
There is an open gate here.
k - a poisoned dart A gnoll comes into view.
It is wielding a +0 halberd.
Press: ? - help, v - describe, . - travel The floor.
This square is lit by a halo.
The gnoll hits you from afar with a +0 halberd!
* * * LOW HITPOINT WARNING * * *
The gnoll attacks as it pursues you!
The gnoll hits you from afar with a +0 halberd!
You die...

.#### #.##.....# .########
.......#.# ....#≈≈≈#
#.###....# .##.#≈.≈#
.##.###....# ....#≈.§#
...........# ....#§.§#
.###......### ....#≈.§#
...........)# .#..#≈.§#
..##.##...####### #..#≈.≈# .
#@##.........#
#####≈.≈#########.....#####.#
≈§§§≈≈.§≈≈≈≈≈≈≈§§g#...# #.#
..§§..⌠......§§)'.....# #.#
≈§§≈≈≈.≈§≈≈≈≈§≈§'.#(.## #.#
#####≈.≈###########..######.##
#§.≈# #.................#
#≈.≈# #.........#########
#≈.≈# #.....#####


You could see a gnoll.

Vanquished Creatures
  A gnoll (D:2)
  An adder (D:2)
  A ribbon worm (D:2)
  2 dart slugs (D:2)
  3 bats
  2 endoplasms
  A goblin (D:1)
  2 kobolds
  2 rats (D:1)
15 creatures vanquished.

Notes
Turn   | Place    | Note
-------+----------+-------------------------------------------
     0 | D:1      | jagoly the Gargoyle Monk began the quest for the Orb.
     0 | D:1      | Reached XP level 1. HP: 14/14 MP: 1/1
   110 | D:2      | Reached skill level 1 in Stealth
   163 | D:2      | Reached XP level 2. HP: 19/19 MP: 2/2
   361 | D:2      | Reached XP level 3. HP: 22/23 MP: 3/3
   398 | D:3      | Noticed Terence
   552 | D:2      | Mangled by a gnoll

Illustrated notes

Levels and vault maps discovered:
D:1:      minmay_arrival_jagged, layout_basic, interstate_on_off
D:2:      layout_basic, kennysheep_cross_bottleneck
D:3:      layout_basic, ebering_ghost_inner_flame, uniq_robin, uniq_terence

Skill      XL: |  1  2  3 |
---------------+----------+-----
Stealth        | 1 2 |  2.0
Fighting       | |  3.6
Maces & Flails | |  3.7
Dodging        | |  2.4

Action                     || total
---------------------------++-------
  Melee: Mace              ||    40
         Flail             ||     3
  Throw: Stone             ||     2
         Dart              ||     4
 Armour: Robe              ||    29
  Dodge: Dodged            ||    38
